woodfighter, neutral female scurrid Tourist }}}}}}}}}}}}}}}}}}}}}}}}}}}}}}}}}}}}}}}}}}}}}}}}}}}}}}}}}}}}}}}}}}}}}}}}}}} }}}}}}}}}}}}}}}}}}}}}}}}}}}}}}}}}}}}}}}}}}}}}}}}}}}}}}}}}}}}}}}}}}}}}}}}}}} }}}}}}}}}.}}}}}}.....}}}}}}}}}}}}}}}}}}}}}}}}}}}}}}}}}}}}}}}}}}}}}}}}}}}}}} }}}}}}}....}}}}}....}}}}}}}}}}}}}}}}}}}}}}}}}}}}}}}}}}}}}}}}..%.........}}} }...}}}}}}}}}}}....}}}..}}}}}}}}}}}}}}}}}}}}}}}}}}}}}}}}}}%}}}}.%@T}}}}..}} }...}}}}}}}}}}`...}}}}..}}}}}}}}}}}.......}}}}}}}}}}}}}}}}}}}}}}}..}}}}..}} }...}}}}}}}}}}}}}`}}}}}}}}}}}}-----------------}}}}}}}}}}}}}}}}}}}.......}} }...}}}}}}}}}}}}}}}}}}}}}}}}}.| |.}}}}}}}}}}}}}}}}}}}}}}...}} }....}}}}}...}}}}}}}}}}}}}}...----- -----...}}}}}}}}}}}}}}}}}}}}}}}}} }.^...}}}}}.}}}}}}}}}}}}}}}.......| |.......}}}}}}...?}}}}}}}}}}}}}}} }....}}}}}}}}}}}}}}}}}}}}}}...%...| |..`....}}}}}}...}}}}}}}}}}}}}}}} }....}}}}}}}}}}}}}}}}}}}}}}...----- -----X..}}}}}}}}}}}}}}}}}}}}}}}}} }.....}}}}}}}}}}}}}}}}}}}}}}}.- |.}}}}}}}}}}}}}}}}}}}}}}}}}}} }......}}}}}}}}}}}}}}}}}}}}}}}-----------------C}}}}}}}}}}}}}}}}}...}}}}}}} }....<..}}}}}}}...}}}}}}}}}}}}}}}}}.......}}}}}}}}}}..}}}}}}}}}.....`}}}}}} }.....^}}}}}}}}}^....}}}}}}}}}}}}}}}}}}}}}}}}}}}}}}`....}}}}}}s.}}}[}}}}}}} }}..*}}}}}}}}}}}}....}}}}}}}}}}}}}}}}}}}}}}}}}}}}}}}..}}}}}}}}}}}}}`}}}}}}} }}}}}}}}}}}}}}}}}....}}}}}}}}}}}}}}}}}}}}}}}..}}..}}}}}}}}}}}}}}}}}}}}}}}}} }}}}}}}}}}}}}}}}}}}}}}}}}}}}}}}}}}}}}}}}}}}}}}}}}}}}}}}}}}}}}}}}}}}}}}}}}}} }}}}}}}}}}}}}}}}}}}}}}}}}}}}}}}}}}}}}}}}}}}}}}}}}}}}}}}}}}}}}}}}}}}}}}}}}}} woodfighter the Peregrinatrix Experience level: 13 Strength: 25 Dexterity: 17 Constitution: 14 Intelligence: 15 Wisdom: 8 Charisma: 17 Health: 0(88) Energy: 49(49) Def: 17 Gold: 0 Moves: 15412 Dungeon seed: en1zgRaloik0DlHh Game ID: woodfighter_1517766885 Your Inventory: Amulets l - a cursed amulet of strangulation t - an uncursed amulet of ESP I - an uncursed amulet of flying (being worn) Weapons b - 30 blessed +2 darts (in quiver) N - a blessed +0 silver saber (weapon in paw) Armor e - an uncursed +0 Hawaiian shirt (being worn) n - an uncursed durable +0 shield of reflection (being worn) r - an uncursed very rusty +0 helmet (being worn) z - an uncursed +0 pair of jumping boots (being worn) C - a cursed +0 pair of leather gloves E - an uncursed +0 cloak of protection (being worn) O - an uncursed +0 dwarvish mithril-coat (being worn) Y - an uncursed rusty +0 pair of gauntlets of power (being worn) Comestibles j - 2 uncursed tins of mind flayer meat o - an uncursed egg v - 2 uncursed tripe rations G - 5 uncursed food rations K - an uncursed chestnut Z - an uncursed lizard corpse Rings m - an uncursed ring of shock resistance (on left paw) Wands d - a wand of digging (0:7) f - a wand of lightning (0:6) g - a wand of teleportation (0:7) Tools k - an expensive camera (0:51) q - a +0 unicorn horn s - a blessed bag of holding y - an uncursed skeleton key A - a blessed brass lantern (0:1385) L - an uncursed magic whistle W - an uncursed towel Gems X - a blessed luckstone Contents of the bag of holding: 10 blessed +10 darts an uncursed +0 mummy wrapping an uncursed lizard corpse an uncursed sprig of wolfsbane a [uncursed] potion of restore ability an uncursed bugle an uncursed [+0] unicorn horn Spells and supernatural/magical abilities: Name Level Category Fail Memory W - pray for help -- divine ? -- Y - supernatural jump -- ability ? -- Your skills at the end: Miscellaneous Skills shield [Skilled] wands [Basic] Weapon Skills saber [Skilled] dart [Expert] Spellcasting Skills Final Attributes: You were stridently aligned. You were fire resistant. You were cold resistant. You were sleep resistant. You were shock resistant. You were poison resistant. You saw invisible. You were telepathic. You had automatic searching. You had infravision. You were invisible to others. You were stealthy. You could jump. You could fly. You were protected. You were fast. You had reflection. You were extremely lucky. You had extra luck. Good luck did not time out for you. You are dead. Vanquished creatures: a green dragon a glass golem a stone golem a titanothere 2 vampire lords 3 water trolls a nurse an Aleax a golden naga a vampire 2 ghosts 2 lieutenants 2 watch captains a queen bee 3 giant mimics an ogre king 2 flesh golems a doppelganger 4 large mimics 2 wumpuses a baby long worm a baby purple worm 6 stalkers a fire elemental an earth elemental a water elemental 3 black nagas 4 elf-lords 3 giant zombies 6 wargs 3 winter wolves 2 quantum mechanics 12 small mimics 2 island nymphs 2 glass piercers a warhorse a xan 2 ettin mummies 3 ogre lords 3 trolls a sasquatch a wood golem 4 flaming spheres a shocking sphere a large cat 2 tigers a dwarf king 3 tengu 2 gelatinous cubes an ochre jelly a crocodile 2 chameleons a leocrotta a mountain centaur a giant an elf mummy a human mummy 6 Grey-elves a pit viper a cobra 3 wraiths an ettin zombie 2 watchmen 3 giant beetles 3 cockatrices 11 wolves 2 winter wolf cubs a black light 2 lynxes 2 panthers a gremlin 2 leprechauns 2 quivering blobs 2 spotted jellies 4 lizards a mumak 3 giant spiders 2 scorpions an iron piercer a horse an ice vortex 3 vampire bats 2 forest centaurs 5 gnome kings 2 orc mummies 2 dwarf mummies 5 ogres 5 Green-elves 4 rust monsters 3 owlbears a yeti a gold golem a werewolf a giant eel a dog 2 dingos a housecat 2 jaguars 5 dwarf lords 3 blue jellies 2 water nymphs 3 white unicorns 4 dust vortices 3 ravens a plains centaur a gnome mummy 4 Woodland-elves 4 snakes 4 apes 2 soldier ants 4 fire ants 4 yellow lights a bugbear 2 imps a baby crocodile 19 Mordor orcs 11 Uruk-hai 2 rock moles 4 rock piercers a pony 3 fog clouds 4 violet fungi 14 gnome lords 4 gnomish wizards 3 kobold mummies a golden naga hatchling a guardian naga hatchling 5 gray oozes a barrow wight 13 elf zombies 3 ghouls a straw golem 2 paper golems 3 jellyfish 14 giant ants 3 puppies 11 floating eyes 4 kittens 26 dwarves 3 homunculi 5 kobold lords 3 kobold shamans 5 iguanas 31 hill orcs 4 rothes 3 rabid rats 4 centipedes 5 jitterbugs 5 giant bats 2 monkeys 3 orc zombies 7 dwarf zombies 2 wererats 2 werejackals 35 killer bees 2 coyotes 2 gas spores 9 hobbits 2 large kobolds 6 geckos 4 hobgoblins 5 giant rats 8 cave spiders 3 yellow molds 5 red molds 47 gnomes 4 garter snakes 22 manes a gnome zombie 14 jackals 5 foxes a kobold 5 newts 10 goblins 7 sewer rats 7 grid bugs 3 bats 9 lichens 2 kobold zombies 718 creatures vanquished. Voluntary challenges: You did not cause conflict. You were not displaced. You used a wielded weapon 798 times, starting on turn 7837. You did not use plumbed fixtures. You read items or engraved 5 times, starting on turn 3186. You never genocided any monsters. You never polymorphed an object. You never changed form. You completed Sokoban on turn 5770, according to the rules. You used no wishes. You never split a pudding. You never wrote Elbereth's name. You violated your moral code, losing 13 points of alignment, starting on turn 7758. Dungeon overview: The Dungeons of Doom: levels 1 to 23 Level 1 some fountains a long staircase Level 2 Level 3 Level 4 a fountain stairs to The Gnomish Mines Level 5 a fountain Level 6 an armor shop, an altar to Blind Io Level 7 a fountain, a sink Level 8 many fountains Level 9 a fountain stairs to Sokoban Level 10 (water) a general store Level 11 an altar to Offler Level 12 Level 13 Level 14 an altar to The Lady Level 15 (quest) a general store, a fountain portal to The Quest Level 16 an altar to The Lady, a fountain Level 17 (rogue) Level 18 a temple to Blind Io Level 19 a general store, an altar to Offler, some fountains, a sink Level 20 an altar to The Lady Level 21 a fountain Level 22 Level 23 (medusa) <- You were here The Gnomish Mines: levels 5 to 13 Level 5 stairs to The Dungeons of Doom Level 6 Level 7 Level 8 many shops, a temple to Blind Io, a magic chest, some fountains, some trees Level 9 Level 10 Level 11 Level 12 Level 13 a magic chest, a fountain The Quest: Level 1 portal to The Dungeons of Doom Sokoban: levels 5 to 8 Level 5 a magic chest Level 6 Level 7 a fountain Level 8 an altar to The Lady, a magic chest stairs to The Dungeons of Doom History has recorded: On T:1 you entered the Dungeons of Doom to retrieve the Amulet of Yendor! On T:22 you reached level 2 of The Dungeons of Doom. On T:267 you advanced to experience level 2. On T:462 you reached level 3 of The Dungeons of Doom. On T:629 you advanced to experience level 3. On T:872 you reached level 4 of The Dungeons of Doom. On T:938 you reached level 1 of The Gnomish Mines. On T:1073 you reached level 5 of The Dungeons of Doom. On T:1244 you reached level 6 of The Dungeons of Doom. On T:1566 you advanced to experience level 4. On T:1571 you reached level 7 of The Dungeons of Doom. On T:1906 you advanced to experience level 5. On T:2224 you advanced to experience level 6. On T:2305 you reached level 8 of The Dungeons of Doom. On T:2692 you advanced to experience level 7. On T:2731 you reached level 9 of The Dungeons of Doom. On T:3156 you reached level 4 of Sokoban. On T:3184 you opened a magic chest. On T:3513 you reached level 3 of Sokoban. On T:3854 you advanced to experience level 8. On T:4003 you reached level 2 of Sokoban. On T:4317 you reached level 1 of Sokoban. On T:5770 you advanced to experience level 9. On T:5770 you entered the Sokoban zoo. On T:6511 you reached level 2 of The Gnomish Mines. On T:6906 you reached level 4 of The Gnomish Mines. On T:6906 you entered the Minetown temple On T:7110 you reached level 3 of The Gnomish Mines. On T:7720 you reached level 5 of The Gnomish Mines. On T:8054 you reached level 6 of The Gnomish Mines. On T:8119 you advanced to experience level 10. On T:8212 you reached level 7 of The Gnomish Mines. On T:8497 you reached level 8 of The Gnomish Mines. On T:9174 you reached level 9 of The Gnomish Mines. On T:9174 you reached the bottom of the Mines. On T:10157 you reached level 10 of The Dungeons of Doom. On T:10324 you reached level 11 of The Dungeons of Doom. On T:10444 you reached level 12 of The Dungeons of Doom. On T:10631 you reached level 13 of The Dungeons of Doom. On T:10909 you advanced to experience level 11. On T:10969 you reached level 14 of The Dungeons of Doom. On T:11189 you reached level 15 of The Dungeons of Doom. On T:11288 you reached level 16 of The Dungeons of Doom. On T:11427 you reached level 1 of The Quest. On T:11572 you reached level 17 of The Dungeons of Doom. On T:11572 you entered the Rogue tribute level. On T:11755 you reached level 18 of The Dungeons of Doom. On T:11904 you reached level 19 of The Dungeons of Doom. On T:12506 you prayed to The Lady. On T:12573 you prayed to The Lady. On T:12873 you reached level 20 of The Dungeons of Doom. On T:13034 you reached level 21 of The Dungeons of Doom. On T:13519 you reached level 22 of The Dungeons of Doom. On T:14079 you advanced to experience level 12. On T:14163 you reached level 23 of The Dungeons of Doom. On T:14567 you advanced to experience level 13. On T:14676 you prayed to The Lady. On T:14698 you prayed to The Lady. On T:14765 you prayed to The Lady. Score breakdown: Gold: 0 ( 0 points) Experience: 13 levels ( 1200 points) Exploration: 23 levels ( 660 points) Discoveries: 51 items ( 2000 points) Variety of kills: 179 monsters ( 2000 points) Major goal: Sokoban/Mines ( 1500 points) Survival: died (score multiplied by 3) Total score: 22080 Latest messages: There are several objects here. (2x) The Olog-hai thrusts a vulgar polearm. You are almost hit by a vulgar polearm. You slash the Olog-hai! The Olog-hai thrusts his vulgar polearm at you. The Olog-hai hits! The Olog-hai claws you! The Olog-hai misses. (2x) You hack the Olog-hai! You slash the Olog-hai! The Olog-hai thrusts his vulgar polearm at you. The Olog-hai just misses! The Olog-hai claws you! The Olog-hai bites! You slash the Olog-hai! You hack the Olog-hai! The Olog-hai thrusts his vulgar polearm at you. The Olog-hai hits! The Olog-hai claws you! (2x) The Olog-hai bites! You hack the Olog-hai! You slash the Olog-hai! The Olog-hai thrusts his vulgar polearm at you. The Olog-hai hits! The Olog-hai claws you! (2x) The Olog-hai bites! You die... Final status: Aloha woodfighter the Tourist, killed by an Olog-hai... You died in The Dungeons of Doom on dungeon level 23 with 22080 points, and 0 pieces of gold, after 15412 moves. You were level 13 with a maximum of 88 hit points when you died.